Map: Celestial Enclave LE

Players

DnS

  • Race: Protoss Protoss
  • Spawn Location: 7:00

A.I. 1 (Very Easy) - Winner!

  • Race: Zerg Zerg
  • Spawn Location: 1:00

VOD

Have the link to the VOD?

Description

Time

  • Played on: Jan. 5, 2026, 8:57 a.m.
  • Length: 7:16
Show
View Real Time Build Order
Export as new Build Order

DnS Protoss 

Build Orders: 1 Gate Expand 

Get SALT Encoding   

  12  0:00  Probe  
  13  0:12  Probe  
  14  0:21  Pylon  
  14  0:27  Probe  
  15  0:35  Probe  
  16  0:43  Gateway, Probe  
  17  0:50  Assimilator  
  17  0:53  Probe  
  18  1:06  Probe  
  19  1:18  Probe  
  20  1:26  Nexus  
  20  1:34  Cybernetics Core  
  20  1:39  Probe  
  21  1:47  Assimilator  
  21  1:51  Probe  
  22  1:54  Pylon  
  22  2:02  Probe  
  22  2:03  Adept  
  23  2:10  Probe  
  26  2:17  Stargate  
  26  2:18  Probe  
  27  2:24  Warp Gate  
  27  2:29  Probe  
  27  2:35  Adept, Probe  
  30  2:41  Probe  
  30  2:43  Probe  
  33  2:53  Probe x2  
  33  2:57  Void Ray  
  35  3:05  Probe  
  40  3:06  Probe  
  40  3:12  Pylon  
  41  3:17  Probe  
  41  3:18  Probe  
  43  3:23  Gateway  
  43  3:29  Probe  
  43  3:30  Probe  
  43  3:31  Assimilator  
  43  3:32  Assimilator  
  45  3:41  Probe  
  45  3:44  Probe  
  47  3:49  Fleet Beacon  
  47  3:53  Probe  
  48  3:57  Probe  
  48  4:00  Stargate  
  49  4:05  Probe  
  50  4:12  Pylon, Probe  
  51  4:19  Pylon  
  51  4:23  Probe  
  52  4:25  Probe  
  52  4:26  Tempest  
  53  4:31  Tempest  
  61  4:50  Nexus  
  61  4:51  Pylon  
  61  4:57  Probe x2  
  63  5:02  Tempest  
  63  5:08  Tempest  
  63  5:13  Probe x2  
  69  5:17  Pylon  
  69  5:21  Shield Battery  
  73  5:25  Probe x2  
  75  5:37  Probe  
  75  5:38  Probe, Pylon  
  75  5:39  Tempest  
  75  5:41  Tempest  
  85  6:01  Probe x2  
  87  6:05  Twilight Council, Forge  
  87  6:08  Probe  
  88  6:13  Probe x2  
  90  6:21  Probe  
  90  6:25  Probe  
  92  6:40  Gateway  
  92  6:41  Gateway  
  92  6:43  Gateway  
  92  6:44  Gateway  
  92  6:45  Gateway  
  92  6:46  Probe x2  
  95  6:50  Gateway x2  
  95  6:58  Gateway  
Show
View Real Time Build Order
Export as new Build Order

A.I. 1 (Very Easy) Zerg - Winner!

Build Orders: Hatch First 

Get SALT Encoding   

  12  0:01  Drone  
  13  0:12  Overlord  
  13  0:16  Drone  
  14  0:43  Hatchery, Drone  
  14  1:01  Spawning Pool  
  14  1:03  Drone  
  14  1:07  Extractor  
  14  1:10  Drone  
  14  1:18  Overlord  
  14  1:47  Queen  
  14  1:48  Zergling x2  
  14  1:50  Zergling x2  
  18  1:57  Roach Warren  
  17  2:02  Drone  
  17  2:07  Extractor  
  17  2:11  Drone  
  18  2:15  Zergling x2  
  18  2:21  Drone  
  20  2:28  Drone  
  21  2:35  Drone  
  22  2:42  Drone  
  23  2:49  Drone  
  24  2:54  Lair  
  24  2:59  Drone  
  25  3:24  Drone  
  26  3:31  Drone  
  27  3:38  Overlord, Drone  
  28  3:45  Drone  
  29  3:53  Drone  
  30  3:56  Spire  
  30  3:59  Overseer  
  30  4:00  Drone  
  30  4:05  Overseer  
  30  4:07  Drone  
  31  4:14  Drone  
  32  4:21  Drone  
  32  4:23  Overlord  
  33  4:28  Drone  
  34  4:35  Drone  
  35  4:43  Drone  
  36  4:50  Drone, Extractor  
  36  4:57  Drone, Extractor  
  36  5:04  Mutalisk, Drone  
  39  5:11  Drone  
  40  5:18  Drone  
  41  5:25  Drone  
  42  5:33  Drone  
  42  5:34  Overlord  
  43  5:40  Drone  
  43  5:41  Mutalisk  
  46  5:47  Drone  
  47  5:54  Drone  
  48  6:00  Overseer, Overlord  
  48  6:01  Drone  
  49  6:26  Overlord, Zergling x2  
  46  6:51  Overseer, Overlord  
  46  6:55  Roach  
Tags
 
Add a new tag
Caveats
  • Supply blocks, unpowered buildings, or Contaminate may cause inaccurate times.
  • Supply counts are checked every 10 seconds.